 Dungeon Crawl Stone Soup version 0.31.0-9-g3a7656b989 (webtiles) character file.

Game seed: 16769277143072254035

8 Colgate the Poker (level 2, 24/24 HPs)
             Began as a Demonspawn Chaos Knight on Feb 3, 2024.
             Was a Plaything of Xom.
             Quit the game on level 1 of the Dungeon.
             The game lasted 00:00:08 (132 turns).

Colgate the Poker (Demonspawn Chaos Knight)          Turns: 132, Time: 00:00:09

Health: 24/24      AC:  5    Str: 12    XL:     2   Next: 0%
Magic:  2/2        EV: 11    Int: 12    God:    Xom [..*...]
Gold:   0          SH:  0    Dex: 12    Spells: 1/1 levels left

rFire   . . .        a - +0 spear (chaos)
rCold   . . .        (no shield)
rNeg    . . .        b - +2 leather armour
rPois   .            (no helmet)
rElec   .            (no cloak)
rCorr   .            (no gloves)
SInv    .            (no boots)
Will    .....        (no amulet)
Stlth   +            (no ring)
HPRegen 0.24/turn    (no ring)
MPRegen 0.08/turn

%: no passive effects
@: no status effects
A: demonic touch 1
a: Renounce Religion


You were on level 1 of the Dungeon.
You worshipped Xom.
You were a toy of Xom.
You visited 1 branch of the dungeon, and saw 1 of its levels.

Inventory:

Hand Weapons
 a - a +0 spear of chaos (weapon)
Armour
 b - a +2 leather armour (worn)
 f - a +1 hat
Scrolls
 c - a scroll of butterflies
 d - a scroll of fog {unknown}
 e - a scroll of poison {unknown}
Potions
 g - 2 potions of curing {unknown}


   Skills:
 - Level 3.0 Fighting
 + Level 3.2 Polearms
 - Level 1.7 Armour
 - Level 0.8 Dodging


You had one spell level left.
You didn't know any spells.
Your spell library was empty.

Dungeon Overview and Level Annotations

Branches:
Dungeon (1/15)

Altars:


Innate Abilities, Weirdness & Mutations

Your touch may inflict minor irresistible damage on your foes.


Message History

Key pressed, stopping explore.
No target in view!
Key pressed, stopping explore.
No target in view!
Key pressed, stopping explore.
No target in view!
g - a blue potion No target in view!
You see here a +0 dagger.
Key pressed, stopping explore.
No target in view!
g - 2 blue potions (gained 1)
A rat, a bat and a ball python come into view.
The ball python hisses angrily.
You closely miss the ball python. The ball python closely misses you. x2
There are monsters nearby!
You closely miss the ball python.
The rat squeaks loudly.
The bat closely misses you. The ball python closely misses you. x2
There are monsters nearby!
You hit the ball python. You burn the ball python.
You kill the ball python!
The bat closely misses you.
A bat is nearby!
You reach to attack!
You miss the bat. The bat hits you but does no damage.
A ball python comes into view.
There are monsters nearby!
You reach to attack!
You closely miss the bat.
The ball python hisses angrily.
The bat misses you.
A bat is nearby!
You reach to attack!
You barely miss the bat. The bat hits you but does no damage.
There are monsters nearby!
You hit the bat.
You kill the bat!
You have reached level 2!
Your demonic ancestry asserts itself...
Your hands begin to faintly glow with unholy energy.
Are you sure you want to abandon this character and quit the game? (Confirm with "yes".)

#..♣ #))♣ ♣..# ...###.♣♣
♣..# # ...+....♣♣♣♣..#
#####.# ...##.........#
......# ...##.#.#.###.#
.....# ...##.#...# #.#
.....#
...##.#.#.###.###†....#
..†.#.#.#.#.....@.....#
....#.#.#....####.......
....#.#.#..### ##.....
......#...## g S...
....###.... ...
###..##...., ..
##.##...... .
####..###....
..........##.


You could see a ball python.

Vanquished Creatures
  A goblin (D:1)
  A hobgoblin (D:1)
  3 ball pythons (D:1)
  2 bats (D:1)
  A kobold (D:1)
8 creatures vanquished.

Notes
Turn   | Place    | Note
-------+----------+-------------------------------------------
     0 | D:1      | Colgate the Demonspawn Chaos Knight began the quest for the
                  | Orb.
     0 | D:1      | Reached XP level 1. HP: 18/18 MP: 1/1
    59 | D:1      | XOM: divination: magic mapping
   103 | D:1      | XOM: divination: detect creatures
   132 | D:1      | Gained mutation: Your touch may inflict minor irresistible
                  | damage on your foes. [demonic ancestry]
   132 | D:1      | Reached XP level 2. HP: 24/24 MP: 2/2
   132 | D:1      | Quit the game

Illustrated notes

Levels and vault maps discovered:
D:1:      giann_bridges, layout_basic, nrook_campfire, minmay_misc_feat_iff

Skill      XL: |  1 |
---------------+----+-----
Polearms       | 3 |  3.2
Fighting       | |  3.0
Armour         | |  1.7
Dodging        | |  0.8

Action                     || total
---------------------------++-------
  Melee: Spear             ||    24
 Armour: Leather armour    ||     5
  Dodge: Dodged            ||    20
